Thunder vs Carnivores

Created - 25 mars 2017 at 19:24

Goals
1 2 3 OT1 SO T
Thunder 0 0 2 0 1 2
Carnivores 0 2 0 0 2 3
Shots
1 2 3 OT1 SO T
Thunder 9 12 16 1 5 38
Carnivores 18 19 8 1 5 46

1st period

No Goal

Penalties :
Mark MacMillan (Bre) for Slashing (Minor) at 1:28, Mat Clark (Bre) for Roughing (Minor) at 12:38, Brendan Gallagher (Bre) for Fighting (Major) at 15:57, David Wolf (TRO) for Fighting (Major) at 15:57

2nd period

1. Carnivores , Colton Orr 19 (Mattias Backman, Zach Jones) at 2:41
2. Carnivores , Jeremy Welsh 10 (Chris Lawrence, Markus Granlund) at 13:50

Penalties :
Brendan Gallagher (Bre) for Tripping (Minor) at 9:06, Pierre-Alexandre Parenteau (TRO) for Hooking (Minor) at 16:03

3rd period

3. Thunder , David Fischer 8 (David Clarkson, Kris Russell) at 4:32
4. Thunder , David Fischer 9 (Daultan Leveillé, Pierre-Alexandre Parenteau) at 16:35 (PP)

Penalties :
Blake Geoffrion (Bre) for Hooking (Minor) at 4:45, Frederic St-Denis (Bre) for Interference (Minor) at 16:23

Overtime #1

No Goal

Penalties :
No Penalty

Shootout

Penalty Shot by Pierre-Alexandre Parenteau for Thunder - Stopped by Erik Ersberg
Penalty Shot by Jeremy Williams for Carnivores - Stopped by Devan Dubnyk
Penalty Shot by Dany Roussin for Thunder - Goal!
Penalty Shot by Blake Geoffrion for Carnivores - Shot Misses the Net
Penalty Shot by Jay Beagle for Thunder - Stopped by Erik Ersberg
Penalty Shot by Chris Lawrence for Carnivores - Goal!
Penalty Shot by David Clarkson for Thunder - Stopped by Erik Ersberg
Penalty Shot by Colton Orr for Carnivores - Shot Misses the Net
Penalty Shot by Robin Leblanc for Thunder - Stopped by Erik Ersberg
Penalty Shot by Anton Gustafsson for Carnivores - Goal!

Penalties :
No Penalty

Goalie Stats

Devan Dubnyk (TRO), 44 saves from 46 shots - (0,957), OTL, 10-15-5, 65:00 minutes
Erik Ersberg (Bre), 36 saves from 38 shots - (0,947), W, 10-6-2, 65:00 minutes

Players Stats for Thunder

Player Name              G  A  P  +/- PIM S  H  SB GA TA FO     MP     PP MP  PK MP  
------------------------------------------------------------------------------------
Brett Festerling         0  0  0  -1  0   1  1  0  0  0  0/0    22:28   2:58   0:51 
Casey Pierro-Zabotel     0  0  0   1  0   1  1  0  0  0  0/0    11:26   0:00   0:00 
Dalton Smith             0  0  0  -1  0   1  1  0  1  0  0/1     8:26   0:00   0:08 
Dany Roussin             0  0  0   0  0   2  0  0  3  1  3/3    23:14   4:05   1:07 
Daultan Leveillé         0  1  1   0  0   3  0  0  1  1  15/30  19:53   4:05   0:00 
David Clarkson           0  1  1   1  0   7  2  0  2  0  0/0    13:07   0:10   0:00 
David Fischer            2  0  2   0  0   3  1  1  0  1  0/0    29:42   5:10   1:08 
David Wolf               0  0  0  -1  5   0  3  0  0  0  0/0    16:43   3:53   0:44 
Evgeny Kuznetsov         0  0  0  -1  0   1  1  1  0  0  2/9    18:32   3:53   0:49 
Jared Staal              0  0  0   0  0   0  0  0  0  0  0/0     3:55   0:10   0:00 
Jay Beagle               0  0  0  -1  0   2  4  0  0  0  0/2    19:00   3:53   0:00 
Joe Labate               0  0  0  -1  0   0  1  1  0  0  2/3     8:38   0:00   0:20 
Joey Ryan                0  0  0  -1  0   1  1  0  0  2  0/0    22:28   2:58   0:51 
Josiah Didier            0  0  0   0  0   1  1  0  0  0  0/0    12:49   0:00   0:00 
Kelly Zajac              0  0  0   1  0   1  1  0  0  0  4/11   12:52   0:00   0:50 
Kris Russell             0  1  1   0  0   3  1  2  1  0  0/0    29:43   5:10   1:08 
Peter Andersson          0  0  0   0  0   0  1  0  0  2  0/0    12:50   0:00   0:00 
Pierre-Alexandre Parente 0  1  1   0  2   11 4  1  3  0  5/8    22:12   4:05   0:00 
Robin Leblanc            0  0  0  -1  0   0  4  1  0  0  0/0    10:01   0:10   0:00 

Players Stats for Carnivores

Player Name              G  A  P  +/- PIM S  H  SB GA TA FO     MP     PP MP  PK MP  
------------------------------------------------------------------------------------
Anton Gustafsson         0  0  0   0  0   7  6  2  0  2  19/35  24:41   1:08   4:30 
Blake Geoffrion          0  0  0   0  2   7  2  1  2  0  4/4    23:39   1:08   3:12 
Brendan Gallagher        0  0  0   0  7   2  1  1  0  0  0/0    16:48   1:08   0:00 
Chris Lawrence           0  1  1   1  0   6  1  1  1  0  1/1    15:57   0:51   1:53 
Colton Orr               1  0  1   1  0   4  4  1  1  1  0/1    10:33   0:00   1:53 
Frederic St-Denis        0  0  0  -1  2   2  2  3  0  0  0/0    18:05   0:35   3:43 
Jeremy Welsh             1  0  1   1  0   4  1  1  1  0  1/1    13:43   0:51   0:00 
Jeremy Williams          0  0  0  -1  0   1  1  0  0  1  0/2    11:25   0:00   0:00 
Lane MacDermid           0  0  0  -1  0   4  5  0  1  0  0/0    15:17   0:00   2:18 
Mark MacMillan           0  0  0   1  2   0  1  0  0  0  0/0     8:48   0:00   0:00 
Mark McNeill             0  0  0   0  0   0  0  0  0  0  1/1     4:13   0:00   0:00 
Markus Granlund          0  1  1   1  0   1  0  0  0  0  9/17   14:29   0:51   0:37 
Mat Clark                0  0  0   0  2   0  0  2  0  0  0/0    15:05   0:00   0:00 
Mattias Backman          0  1  1   0  0   0  0  2  0  0  0/0    14:30   0:00   0:01 
Michael Schumacher       0  0  0   1  0   1  1  0  0  0  0/0    11:45   0:00   1:53 
Nate Schmidt             0  0  0   1  0   1  0  2  0  0  0/0    19:06   0:00   0:01 
Phil Oreskovic           0  0  0   1  0   1  3  1  1  2  0/0    27:43   1:24   4:24 
Sasha Pokulok            0  0  0   0  0   3  1  4  0  3  0/0    23:42   1:24   4:24 
Tyler Graovac            0  0  0  -1  0   0  1  1  0  1  1/5    10:19   0:00   0:00 
Zach Jones               0  1  1   1  0   2  0  0  0  1  0/0    11:58   0:35   3:43 

3 Stars

1 - David Fischer (TRO)
2 - Colton Orr (Bre)
3 - Devan Dubnyk (TRO)

Power Play

Thunder - 1 on 5 Attempt(s) - 20,00%
Carnivores - 0 on 1 Attempt(s) - 0,00%

Penalty Kill

Thunder - 1 on 1 Attempt(s) - 100,00% - Score 0 goal in Penalty Kill
Carnivores - 4 on 5 Attempt(s) - 80,00% - Score 0 goal in Penalty Kill

Team Stat

Thunder - Hits : 28 - Faceoff Wins : 31 - Blocked Shots : 7 - Penalty Minutes : 7
Carnivores - Hits : 30 - Faceoff Wins : 36 - Blocked Shots : 22 - Penalty Minutes : 15

Official

Referees : Sutherland Kelly and Dwyer Gord
Linesman : Mike Cvik and Pierre Racicot

Game Notes

Brendan Gallagher and David Wolf fight to a draw at 15:57 of 1st period
2:41 of 2nd period - Carnivores goal is going for a video replay. After video review, Goal.

Finance

Level 1 -- Attendance: 1576 (78,80%) -- Ticket Income 63 040 $
Level 2 -- Attendance: 733 (73,30%) -- Ticket Income 14 660 $
Total Attendance: 2309 (76,97%)
Total Ticket Income: 77 700 $
Other Income: 3 885 $
Total Income: 81 585 $

Thunder

5 vs 5 Forward 
   Center                   Left Wing                Right Wing               Time % Phy DF OF 
 1 Daultan Leveillé         Dany Roussin             Pierre-Alexandre Parentea40     1   2  2  
 2 Evgeny Kuznetsov         David Wolf               Jay Beagle               30     1   2  2  
 3 Kelly Zajac              Casey Pierro-Zabotel     David Clarkson           20     1   2  2  
 4 Joe Labate               Dalton Smith             Robin Leblanc            10     1   2  2  

5 vs 5 Defense 
   Defense                  Defense                                           Time % Phy DF OF 
 1 Kris Russell             David Fischer                                     40     1   2  2  
 2 Joey Ryan                Brett Festerling                                  30     1   2  2  
 3 Peter Andersson          Josiah Didier                                     20     1   2  2  
 4 Kris Russell             David Fischer                                     10     1   2  2  

PowerPlay Forward 
   Center                   Left Wing                Right Wing               Time % Phy DF OF 
 1 Daultan Leveillé         Dany Roussin             Pierre-Alexandre Parentea60     1   2  2  
 2 Evgeny Kuznetsov         David Wolf               Jay Beagle               40     1   2  2  

PowerPlay Defense
   Defense                  Defense                                           Time % Phy DF OF 
 1 Kris Russell             David Fischer                                     60     1   2  2  
 2 Joey Ryan                Brett Festerling                                  40     1   2  2  

Penalty Kill 4 Players Forward 
   Center                   Wing                     Time % Phy DF OF 
 1 Pierre-Alexandre ParenteaDany Roussin             60     1   2  2  
 2 Jay Beagle               David Clarkson           40     1   2  2  

Penalty Kill 4 Players Defense
   Defense                  Defense                  Time % Phy DF OF 
 1 Kris Russell             David Fischer            60     1   2  2  
 2 Joey Ryan                Brett Festerling         40     1   2  2  

Penalty Kill - 3 Players Forward 
   Forward                                           Time % Phy DF OF 
 1 Pierre-Alexandre Parentea                         60     1   2  2  
 2 Dany Roussin                                      40     1   2  2  

Penalty Kill - 3 Players Defense
   Defense                  Defense                  Time % Phy DF OF 
 1 Kris Russell             David Fischer            60     1   2  2  
 2 Joey Ryan                Brett Festerling         40     1   2  2  

4 vs 4 Forward 
   Center                   Wing                     Time % Phy DF OF 
 1 Pierre-Alexandre ParenteaDany Roussin             60     1   2  2  
 2 Jay Beagle               David Clarkson           40     1   2  2  

4 vs 4 Defense
   Defense                  Defense                  Time % Phy DF OF 
 1 Kris Russell             David Fischer            60     1   2  2  
 2 Joey Ryan                Brett Festerling         40     1   2  2  

Last Minutes Offensive
   Center                   Left Wing                Right Wing               Defense                  Defense                  
   Daultan Leveillé         Dany Roussin             Pierre-Alexandre ParenteaKris Russell             David Fischer            

Last Minutes Defensive
   Center                   Left Wing                Right Wing               Defense                  Defense                  
   Daultan Leveillé         Dany Roussin             Pierre-Alexandre ParenteaKris Russell             David Fischer            

Goaltenders
Starting : Devan Dubnyk             
Backup : Magnus Hellberg          

Extra Forwards
Normal : Jared Staal, Robin Leblanc, Kelly Zajac - PP : Jared Staal, Robin Leblanc - PK : Kelly Zajac
Extra Defensemen
Normal : Peter Andersson, Josiah Didier, Joey Ryan - PP : Peter Andersson - PK : Josiah Didier, Joey Ryan
Penalty Shots
Pierre-Alexandre Parenteau, Dany Roussin, Jay Beagle, David Clarkson, Robin Leblanc

Carnivores

5 vs 5 Forward 
   Center                   Left Wing                Right Wing               Time % Phy DF OF 
 1 Anton Gustafsson         Blake Geoffrion          Brendan Gallagher        40     1   2  2  
 2 Markus Granlund          Jeremy Welsh             Chris Lawrence           30     1   2  2  
 3 Tyler Graovac            Lane MacDermid           Jeremy Williams          20     1   2  2  
 4 Colton Orr               Michael Schumacher       Mark MacMillan           10     1   2  2  

5 vs 5 Defense 
   Defense                  Defense                                           Time % Phy DF OF 
 1 Phil Oreskovic           Nate Schmidt                                      40     1   2  2  
 2 Mat Clark                Sasha Pokulok                                     30     1   2  2  
 3 Mattias Backman          Frederic St-Denis                                 20     1   2  2  
 4 Mattias Backman          Zach Jones                                        10     1   2  2  

PowerPlay Forward 
   Center                   Left Wing                Right Wing               Time % Phy DF OF 
 1 Anton Gustafsson         Blake Geoffrion          Brendan Gallagher        60     1   2  2  
 2 Markus Granlund          Jeremy Welsh             Chris Lawrence           40     1   2  2  

PowerPlay Defense
   Defense                  Defense                                           Time % Phy DF OF 
 1 Phil Oreskovic           Sasha Pokulok                                     60     1   2  2  
 2 Frederic St-Denis        Zach Jones                                        40     1   2  2  

Penalty Kill 4 Players Forward 
   Center                   Wing                     Time % Phy DF OF 
 1 Anton Gustafsson         Blake Geoffrion          60     1   2  2  
 2 Chris Lawrence           Colton Orr               40     1   2  2  

Penalty Kill 4 Players Defense
   Defense                  Defense                  Time % Phy DF OF 
 1 Phil Oreskovic           Sasha Pokulok            60     1   2  2  
 2 Frederic St-Denis        Zach Jones               40     1   2  2  

Penalty Kill - 3 Players Forward 
   Forward                                           Time % Phy DF OF 
 1 Jeremy Williams                                   60     1   2  2  
 2 Blake Geoffrion                                   40     1   2  2  

Penalty Kill - 3 Players Defense
   Defense                  Defense                  Time % Phy DF OF 
 1 Phil Oreskovic           Sasha Pokulok            60     1   2  2  
 2 Frederic St-Denis        Zach Jones               40     1   2  2  

4 vs 4 Forward 
   Center                   Wing                     Time % Phy DF OF 
 1 Anton Gustafsson         Blake Geoffrion          60     1   2  2  
 2 Jeremy Williams          Brendan Gallagher        40     1   2  2  

4 vs 4 Defense
   Defense                  Defense                  Time % Phy DF OF 
 1 Phil Oreskovic           Sasha Pokulok            60     1   2  2  
 2 Frederic St-Denis        Zach Jones               40     1   2  2  

Last Minutes Offensive
   Center                   Left Wing                Right Wing               Defense                  Defense                  
   Anton Gustafsson         Blake Geoffrion          Jeremy Williams          Phil Oreskovic           Sasha Pokulok            

Last Minutes Defensive
   Center                   Left Wing                Right Wing               Defense                  Defense                  
   Anton Gustafsson         Blake Geoffrion          Jeremy Williams          Phil Oreskovic           Sasha Pokulok            

Goaltenders
Starting : Erik Ersberg             
Backup : Antti Raanta             

Extra Forwards
Normal : Mark McNeill, Brendan Gallagher, Lane MacDermid - PP : Mark McNeill, Brendan Gallagher - PK : Lane MacDermid
Extra Defensemen
Normal : Mat Clark, Nate Schmidt, Mattias Backman - PP : Mat Clark - PK : Nate Schmidt, Mattias Backman
Penalty Shots
Jeremy Williams, Blake Geoffrion, Chris Lawrence, Colton Orr, Anton Gustafsson

% Time on Ice - Thunder

Lines # - Real PCT - Wanted PCT - Time Play
Normal Forward
1 - 32% - 40% - 16:04
2 - 28% - 30% - 14:10
3 - 23% - 20% - 11:26
4 - 16% - 10% - 8:13
Normal Defense
1 - 38% - 40% - 19:11
2 - 33% - 30% - 16:29
3 - 25% - 20% - 12:26
4 - 4% - 10% - 1:47
PP Forward
1 - 52% - 60% - 4:15
2 - 48% - 40% - 3:53
PP Defense
1 - 64% - 60% - 5:10
2 - 36% - 40% - 2:58
PK Forward
1 - 100% - 60% - 1:59
2 - 0% - 40% - 0:00
PK Defense
1 - 57% - 60% - 1:08
2 - 43% - 40% - 0:51
PK3 Forward
1 - 0% - 60%
2 - 0% - 40%
PK3 Defense
1 - 0% - 60%
2 - 0% - 40%
44 Forward
1 - 74% - 60% - 3:43
2 - 26% - 40% - 1:17
44 Defense
1 - 57% - 60% - 2:50
2 - 43% - 40% - 2:10
Last Minute Offensive  - 0:00
Last Minute Defensive  - 0:00
Total
Forward - 65:00
Defense - 65:00

% Time on Ice - Carnivores

Lines # - Real PCT - Wanted PCT - Time Play
Normal Forward
1 - 36% - 40% - 18:02
2 - 26% - 30% - 12:52
3 - 21% - 20% - 10:19
4 - 17% - 10% - 8:40
Normal Defense
1 - 38% - 40% - 19:05
2 - 33% - 30% - 16:28
3 - 21% - 20% - 10:14
4 - 8% - 10% - 4:06
PP Forward
1 - 57% - 60% - 1:08
2 - 43% - 40% - 0:51
PP Defense
1 - 71% - 60% - 1:24
2 - 29% - 40% - 0:35
PK Forward
1 - 77% - 60% - 6:15
2 - 23% - 40% - 1:53
PK Defense
1 - 54% - 60% - 4:25
2 - 46% - 40% - 3:43
PK3 Forward
1 - 0% - 60%
2 - 0% - 40%
PK3 Defense
1 - 0% - 60%
2 - 0% - 40%
44 Forward
1 - 78% - 60% - 3:54
2 - 22% - 40% - 1:06
44 Defense
1 - 60% - 60% - 2:59
2 - 40% - 40% - 2:01
Last Minute Offensive  - 0:00
Last Minute Defensive  - 0:00
Total
Forward - 65:00
Defense - 65:00

Play by Play

1st period


0:01 of 1st period - Anton Gustafsson wins face-off versus Daultan Leveillé in neutral zone.
0:10 of 1st period - Wrist shot by Anton Gustafsson.
0:10 of 1st period - Shot Misses the Net.
0:12 of 1st period - Snap shot by Brendan Gallagher.
0:12 of 1st period - Shot Blocked by Pierre-Alexandre Parenteau.
0:14 of 1st period - Slapshot by Phil Oreskovic.
0:14 of 1st period - Shot Misses the Net.
0:16 of 1st period - Wrist shot by Anton Gustafsson.
0:16 of 1st period - Stopped by Devan Dubnyk without a rebound.
0:17 of 1st period - Markus Granlund wins face-off versus Evgeny Kuznetsov in Thunder zone.
0:28 of 1st period - Slapshot by Jeremy Welsh.
0:28 of 1st period - Shot Misses the Net.
1:02 of 1st period - Snap shot by Dalton Smith.
1:02 of 1st period - Stopped by Erik Ersberg with a rebound.
1:26 of 1st period - Snap shot by Dany Roussin.
1:26 of 1st period - Shot Blocked by Frederic St-Denis.
1:28 of 1st period - Minor Penalty to Mark MacMillan for Slashing.
1:29 of 1st period - Blake Geoffrion wins face-off versus Pierre-Alexandre Parenteau in Carnivores zone.
1:54 of 1st period - Frederic St-Denis is hit by Jay Beagle and loses puck.
1:59 of 1st period - Slapshot by Evgeny Kuznetsov.
1:59 of 1st period - Shot Blocked by Anton Gustafsson.
2:01 of 1st period - Wrist shot by Joey Ryan.
2:01 of 1st period - Shot Blocked by Frederic St-Denis.
2:13 of 1st period - Snap shot by Colton Orr.
2:13 of 1st period - Shot Misses the Net.
3:28 of 1st period - Penalty to Mark MacMillan is over, Mark MacMillan is back on ice.
3:36 of 1st period - Slapshot by Lane MacDermid.
3:36 of 1st period - Stopped by Devan Dubnyk without a rebound.
3:37 of 1st period - Markus Granlund wins face-off versus Kelly Zajac in Thunder zone.
4:27 of 1st period - Slapshot by Robin Leblanc.
4:27 of 1st period - Shot Blocked by Colton Orr.
4:39 of 1st period - Brett Festerling is hit by Colton Orr and loses puck.
4:46 of 1st period - Snap shot by Phil Oreskovic.
4:46 of 1st period - Shot Blocked by Robin Leblanc.
4:48 of 1st period - Snap shot by Colton Orr.
4:48 of 1st period - Stopped by Devan Dubnyk with a rebound.
4:52 of 1st period - Snap shot by Colton Orr.
4:52 of 1st period - Stopped by Devan Dubnyk without a rebound.
4:53 of 1st period - Daultan Leveillé wins face-off versus Anton Gustafsson in Thunder zone.
4:53 of 1st period - Daultan Leveillé is hit by Anton Gustafsson.
5:05 of 1st period - David Fischer is hit by Anton Gustafsson and loses puck.
5:18 of 1st period - Chris Lawrence is hit by David Wolf and loses puck.
5:27 of 1st period - Slapshot by Evgeny Kuznetsov.
5:27 of 1st period - Shot Blocked by Frederic St-Denis.
5:29 of 1st period - Slapshot by Jay Beagle.
5:29 of 1st period - Stopped by Erik Ersberg without a rebound.
5:30 of 1st period - Daultan Leveillé wins face-off versus Anton Gustafsson in Carnivores zone.
7:11 of 1st period - Wrist shot by Anton Gustafsson.
7:11 of 1st period - Stopped by Devan Dubnyk without a rebound.
7:12 of 1st period - Markus Granlund wins face-off versus Evgeny Kuznetsov in Thunder zone.
7:26 of 1st period - Snap shot by Jay Beagle.
7:26 of 1st period - Shot Blocked by Nate Schmidt.
7:28 of 1st period - Wrist shot by David Wolf.
7:28 of 1st period - Shot Misses the Net.
7:59 of 1st period - Peter Andersson is hit by Lane MacDermid and loses puck.
8:48 of 1st period - Snap shot by Chris Lawrence.
8:48 of 1st period - Stopped by Devan Dubnyk without a rebound.
8:49 of 1st period - Anton Gustafsson wins face-off versus Daultan Leveillé in Thunder zone.
8:56 of 1st period - Slapshot by Anton Gustafsson.
8:56 of 1st period - Stopped by Devan Dubnyk without a rebound.
8:57 of 1st period - Daultan Leveillé wins face-off versus Anton Gustafsson in Thunder zone.
9:23 of 1st period - Backhand shot by Daultan Leveillé.
9:23 of 1st period - Shot Misses the Net.
9:36 of 1st period - Snap shot by Pierre-Alexandre Parenteau.
9:36 of 1st period - Shot Blocked by Brendan Gallagher.
9:54 of 1st period - Snap shot by Blake Geoffrion.
9:54 of 1st period - Shot Hit the Post.
9:56 of 1st period - Wrist shot by Blake Geoffrion.
9:56 of 1st period - Stopped by Devan Dubnyk with a rebound.
9:58 of 1st period - Slapshot by Frederic St-Denis.
9:58 of 1st period - Stopped by Devan Dubnyk with a rebound.
10:00 of 1st period - Snap shot by Blake Geoffrion.
10:00 of 1st period - Stopped by Devan Dubnyk without a rebound.
10:01 of 1st period - Markus Granlund wins face-off versus Jay Beagle in Thunder zone.
10:06 of 1st period - Snap shot by Jeremy Welsh.
10:06 of 1st period - Stopped by Devan Dubnyk without a rebound.
10:07 of 1st period - Markus Granlund wins face-off versus Evgeny Kuznetsov in Thunder zone.
10:48 of 1st period - Sasha Pokulok is hit by Kelly Zajac and loses puck.
11:07 of 1st period - Snap shot by Lane MacDermid.
11:07 of 1st period - Stopped by Devan Dubnyk without a rebound.
11:08 of 1st period - Daultan Leveillé wins face-off versus Anton Gustafsson in Thunder zone.
11:33 of 1st period - Kris Russell is hit by Phil Oreskovic and loses puck.
11:42 of 1st period - Wrist shot by Evgeny Kuznetsov.
11:42 of 1st period - Shot Blocked by Nate Schmidt.
12:17 of 1st period - Wrist shot by Lane MacDermid.
12:17 of 1st period - Deflect By Jeremy Williams.
12:17 of 1st period - Stopped by Devan Dubnyk with a rebound.
12:31 of 1st period - Slapshot by Casey Pierro-Zabotel.
12:31 of 1st period - Deflect By Kelly Zajac.
12:31 of 1st period - Stopped by Erik Ersberg with a rebound.
12:33 of 1st period - Backhand shot by Casey Pierro-Zabotel.
12:33 of 1st period - Stopped by Erik Ersberg without a rebound.
12:34 of 1st period - Kelly Zajac wins face-off versus Markus Granlund in Carnivores zone.
12:38 of 1st period - Minor Penalty to Mat Clark for Roughing.
12:39 of 1st period - Daultan Leveillé wins face-off versus Anton Gustafsson in Carnivores zone.
12:39 of 1st period - Snap shot by Dany Roussin.
12:39 of 1st period - Shot Misses the Net.
12:41 of 1st period - Slapshot by David Fischer.
12:41 of 1st period - Shot Blocked by Sasha Pokulok.
12:43 of 1st period - Slapshot by Daultan Leveillé.
12:43 of 1st period - Shot Misses the Net.
12:45 of 1st period - Slapshot by Dany Roussin.
12:45 of 1st period - Shot Blocked by Sasha Pokulok.
14:28 of 1st period - Snap shot by Lane MacDermid.
14:28 of 1st period - Shot Misses the Net.
14:38 of 1st period - Penalty to Mat Clark is over, Mat Clark is back on ice.
14:46 of 1st period - Slapshot by Kris Russell.
14:46 of 1st period - Shot Misses the Net.
14:48 of 1st period - Snap shot by David Clarkson.
14:48 of 1st period - Stopped by Erik Ersberg without a rebound.
14:49 of 1st period - Chris Lawrence wins face-off versus Kelly Zajac in Carnivores zone.
14:54 of 1st period - Chris Lawrence is hit by David Clarkson.
15:45 of 1st period - Slapshot by Phil Oreskovic.
15:45 of 1st period - Deflect By Colton Orr.
15:45 of 1st period - Shot Misses the Net.
15:45 of 1st period - Puck is out of play.
15:46 of 1st period - Anton Gustafsson wins face-off versus Evgeny Kuznetsov in Thunder zone.
15:57 of 1st period - Brendan Gallagher and David Wolf fight to a draw.
15:57 of 1st period - Penalty to Brendan Gallagher for Fighting.
15:57 of 1st period - Penalty to David Wolf for Fighting.
15:58 of 1st period - Daultan Leveillé wins face-off versus Anton Gustafsson in Carnivores zone.
16:03 of 1st period - Snap shot by Pierre-Alexandre Parenteau.
16:03 of 1st period - Stopped by Erik Ersberg without a rebound.
16:04 of 1st period - Anton Gustafsson wins face-off versus Daultan Leveillé in Carnivores zone.
16:11 of 1st period - Wrist shot by Anton Gustafsson.
16:11 of 1st period - Stopped by Devan Dubnyk without a rebound.
16:12 of 1st period - Daultan Leveillé wins face-off versus Anton Gustafsson in Thunder zone.
16:14 of 1st period - Icing by Pierre-Alexandre Parenteau.
16:15 of 1st period - Anton Gustafsson wins face-off versus Daultan Leveillé in Thunder zone.
16:16 of 1st period - Snap shot by Blake Geoffrion.
16:16 of 1st period - Stopped by Devan Dubnyk with a rebound.
16:26 of 1st period - Snap shot by Pierre-Alexandre Parenteau.
16:26 of 1st period - Shot Blocked by Phil Oreskovic.
16:49 of 1st period - Snap shot by Jeremy Welsh.
16:49 of 1st period - Deflect By Chris Lawrence.
16:49 of 1st period - Stopped by Devan Dubnyk with a rebound.
16:54 of 1st period - Off-side.
16:55 of 1st period - Kelly Zajac wins face-off versus Markus Granlund in neutral zone.
17:20 of 1st period - Brett Festerling is hit by Anton Gustafsson and loses puck.
17:24 of 1st period - Icing by Joey Ryan.
17:25 of 1st period - Anton Gustafsson wins face-off versus Daultan Leveillé in Thunder zone.
17:44 of 1st period - Snap shot by Pierre-Alexandre Parenteau.
17:44 of 1st period - Stopped by Erik Ersberg with a rebound.
17:46 of 1st period - Slapshot by Joey Ryan.
17:46 of 1st period - Shot Blocked by Blake Geoffrion.
17:48 of 1st period - Snap shot by Dany Roussin.
17:48 of 1st period - Shot Misses the Net.
17:50 of 1st period - Snap shot by Pierre-Alexandre Parenteau.
17:50 of 1st period - Shot Misses the Net.
17:52 of 1st period - Wrist shot by Dany Roussin.
17:52 of 1st period - Stopped by Erik Ersberg without a rebound.
17:53 of 1st period - Markus Granlund wins face-off versus Evgeny Kuznetsov in Carnivores zone.
18:25 of 1st period - Slapshot by Colton Orr.
18:25 of 1st period - Shot Misses the Net.
18:33 of 1st period - Snap shot by Sasha Pokulok.
18:33 of 1st period - Stopped by Devan Dubnyk with a rebound.
19:03 of 1st period - Snap shot by Evgeny Kuznetsov.
19:03 of 1st period - Stopped by Erik Ersberg without a rebound.
19:04 of 1st period - Blake Geoffrion wins face-off versus Daultan Leveillé in Carnivores zone.
19:11 of 1st period - Kris Russell is hit by Anton Gustafsson and loses puck.
19:18 of 1st period - Snap shot by Blake Geoffrion.
19:18 of 1st period - Stopped by Devan Dubnyk with a rebound.
19:42 of 1st period - Nate Schmidt is hit by Casey Pierro-Zabotel and loses puck.
19:55 of 1st period - Brett Festerling is hit by Lane MacDermid and loses puck.
Goals for this period are 0 for Thunder vs 0 for Carnivores.
Shots for this period are 9 for Thunder vs 18 for Carnivores.

2nd period


0:01 of 2nd period - Anton Gustafsson wins face-off versus Daultan Leveillé in neutral zone.
0:18 of 2nd period - Phil Oreskovic is hit by Pierre-Alexandre Parenteau and loses puck.
0:37 of 2nd period - Wrist shot by Chris Lawrence.
0:37 of 2nd period - Stopped by Devan Dubnyk with a rebound.
0:39 of 2nd period - Slapshot by Phil Oreskovic.
0:39 of 2nd period - Shot Blocked by Kris Russell.
0:41 of 2nd period - Backhand shot by Nate Schmidt.
0:41 of 2nd period - Stopped by Devan Dubnyk with a rebound.
1:01 of 2nd period - Wrist shot by David Clarkson.
1:01 of 2nd period - Shot Blocked by Mat Clark.
1:16 of 2nd period - Off-side.
1:17 of 2nd period - Joe Labate wins face-off versus Colton Orr in neutral zone.
1:20 of 2nd period - Colton Orr is hit by Robin Leblanc and loses puck.
1:35 of 2nd period - Colton Orr is hit by Robin Leblanc and loses puck.
1:42 of 2nd period - Brett Festerling is hit by Mark MacMillan and loses puck.
1:53 of 2nd period - Slapshot by Phil Oreskovic.
1:53 of 2nd period - Shot Misses the Net.
1:55 of 2nd period - Snap shot by Colton Orr.
1:55 of 2nd period - Stopped by Devan Dubnyk with a rebound.
2:07 of 2nd period - Slapshot by Colton Orr.
2:07 of 2nd period - Shot Misses the Net.
2:09 of 2nd period - Snap shot by Mark MacMillan.
2:09 of 2nd period - Shot Misses the Net.
2:31 of 2nd period - Wrist shot by Colton Orr.
2:31 of 2nd period - Shot Misses the Net.
2:33 of 2nd period - Snap shot by Michael Schumacher.
2:33 of 2nd period - Stopped by Devan Dubnyk with a rebound.
2:35 of 2nd period - Wrist shot by Zach Jones.
2:35 of 2nd period - Deflect By Joey Ryan.
2:35 of 2nd period - Stopped by Devan Dubnyk with a rebound.
2:37 of 2nd period - Slapshot by Mattias Backman.
2:37 of 2nd period - Shot Misses the Net.
2:39 of 2nd period - Slapshot by Mattias Backman.
2:39 of 2nd period - Shot Misses the Net.
2:41 of 2nd period - Wrist shot by Colton Orr.
2:41 of 2nd period - Carnivores goal is going for a video replay.
2:41 of 2nd period - The goal is good.
2:41 of 2nd period - Goal by Colton Orr - Thunder : 0 - Carnivores : 1.
2:42 of 2nd period - Anton Gustafsson wins face-off versus Daultan Leveillé in neutral zone.
3:20 of 2nd period - Slapshot by Kris Russell.
3:20 of 2nd period - Stopped by Erik Ersberg with a rebound.
3:40 of 2nd period - Slapshot by David Clarkson.
3:40 of 2nd period - Shot Misses the Net.
3:52 of 2nd period - Snap shot by Anton Gustafsson.
3:52 of 2nd period - Deflect By Blake Geoffrion.
3:52 of 2nd period - Shot Misses the Net.
3:52 of 2nd period - Puck is out of play.
3:53 of 2nd period - Blake Geoffrion wins face-off versus Daultan Leveillé in Thunder zone.
4:44 of 2nd period - Icing by Jay Beagle.
4:45 of 2nd period - Evgeny Kuznetsov wins face-off versus Markus Granlund in Thunder zone.
5:13 of 2nd period - Off-side.
5:14 of 2nd period - Blake Geoffrion wins face-off versus Pierre-Alexandre Parenteau in neutral zone.
5:19 of 2nd period - Wrist shot by Blake Geoffrion.
5:19 of 2nd period - Shot Misses the Net.
5:48 of 2nd period - Snap shot by David Clarkson.
5:48 of 2nd period - Stopped by Erik Ersberg with a rebound.
6:06 of 2nd period - Slapshot by Chris Lawrence.
6:06 of 2nd period - Stopped by Devan Dubnyk with a rebound.
6:44 of 2nd period - Colton Orr is hit by David Fischer.
7:04 of 2nd period - Slapshot by David Clarkson.
7:04 of 2nd period - Stopped by Erik Ersberg with a rebound.
7:06 of 2nd period - Slapshot by David Fischer.
7:06 of 2nd period - Stopped by Erik Ersberg without a rebound.
7:07 of 2nd period - Anton Gustafsson wins face-off versus Kelly Zajac in Carnivores zone.
7:22 of 2nd period - Snap shot by Anton Gustafsson.
7:22 of 2nd period - Stopped by Devan Dubnyk with a rebound.
7:39 of 2nd period - Snap shot by Dany Roussin.
7:39 of 2nd period - Stopped by Erik Ersberg without a rebound.
7:40 of 2nd period - Anton Gustafsson wins face-off versus Daultan Leveillé in Carnivores zone.
7:40 of 2nd period - Anton Gustafsson is hit by Pierre-Alexandre Parenteau.
8:10 of 2nd period - Slapshot by David Fischer.
8:10 of 2nd period - Shot Blocked by Jeremy Welsh.
8:31 of 2nd period - Slapshot by Kris Russell.
8:31 of 2nd period - Deflect By Jeremy Williams.
8:31 of 2nd period - Stopped by Erik Ersberg without a rebound.
8:32 of 2nd period - Kelly Zajac wins face-off versus Tyler Graovac in Carnivores zone.
8:43 of 2nd period - Wrist shot by Lane MacDermid.
8:43 of 2nd period - Stopped by Devan Dubnyk without a rebound.
8:44 of 2nd period - Daultan Leveillé wins face-off versus Anton Gustafsson in Thunder zone.
8:44 of 2nd period - Daultan Leveillé is hit by Blake Geoffrion.
8:56 of 2nd period - Wrist shot by Pierre-Alexandre Parenteau.
8:56 of 2nd period - Stopped by Erik Ersberg with a rebound.
8:58 of 2nd period - Slapshot by Brett Festerling.
8:58 of 2nd period - Stopped by Erik Ersberg with a rebound.
9:06 of 2nd period - Minor Penalty to Brendan Gallagher for Tripping.
9:07 of 2nd period - Pierre-Alexandre Parenteau wins face-off versus Anton Gustafsson in Carnivores zone.
9:38 of 2nd period - Evgeny Kuznetsov is hit by Anton Gustafsson and loses puck.
11:06 of 2nd period - Penalty to Brendan Gallagher is over, Brendan Gallagher is back on ice.
11:25 of 2nd period - Snap shot by Lane MacDermid.
11:25 of 2nd period - Stopped by Devan Dubnyk with a rebound.
11:27 of 2nd period - Slapshot by Zach Jones.
11:27 of 2nd period - Stopped by Devan Dubnyk with a rebound.
11:29 of 2nd period - Slapshot by Zach Jones.
11:29 of 2nd period - Deflect By Brendan Gallagher.
11:29 of 2nd period - Shot Blocked by Kris Russell.
11:29 of 2nd period - Puck is out of play.
11:30 of 2nd period - Joe Labate wins face-off versus Markus Granlund in Thunder zone.
11:37 of 2nd period - Peter Andersson is hit by Phil Oreskovic and loses puck.
11:46 of 2nd period - Wrist shot by Jeremy Welsh.
11:46 of 2nd period - Deflect By Chris Lawrence.
11:46 of 2nd period - Shot Misses the Net.
11:46 of 2nd period - Puck is out of play.
11:47 of 2nd period - Anton Gustafsson wins face-off versus Daultan Leveillé in Thunder zone.
12:12 of 2nd period - Jeremy Welsh is hit by Jay Beagle and loses puck.
12:52 of 2nd period - Kelly Zajac is hit by Anton Gustafsson.
13:17 of 2nd period - Frederic St-Denis is hit by Pierre-Alexandre Parenteau and loses puck.
13:38 of 2nd period - Wrist shot by Jeremy Welsh.
13:38 of 2nd period - Stopped by Devan Dubnyk without a rebound.
13:39 of 2nd period - Markus Granlund wins face-off versus Evgeny Kuznetsov in Thunder zone.
13:40 of 2nd period - Slapshot by Chris Lawrence.
13:40 of 2nd period - Stopped by Devan Dubnyk with a rebound.
13:42 of 2nd period - Snap shot by Jeremy Welsh.
13:42 of 2nd period - Shot Misses the Net.
13:44 of 2nd period - Slapshot by Chris Lawrence.
13:44 of 2nd period - Shot Misses the Net.
13:46 of 2nd period - Slapshot by Markus Granlund.
13:46 of 2nd period - Stopped by Devan Dubnyk with a rebound.
13:48 of 2nd period - Slapshot by Chris Lawrence.
13:48 of 2nd period - Shot Misses the Net.
13:50 of 2nd period - Snap shot by Chris Lawrence.
13:50 of 2nd period - Deflect By Jeremy Welsh.
13:50 of 2nd period - Goal by Jeremy Welsh - Thunder : 0 - Carnivores : 2.
13:51 of 2nd period - Daultan Leveillé wins face-off versus Anton Gustafsson in neutral zone.
14:00 of 2nd period - Snap shot by Pierre-Alexandre Parenteau.
14:00 of 2nd period - Shot Misses the Net.
14:20 of 2nd period - Snap shot by Jay Beagle.
14:20 of 2nd period - Shot Misses the Net.
14:25 of 2nd period - Off-side.
14:26 of 2nd period - Evgeny Kuznetsov wins face-off versus Markus Granlund in neutral zone.
15:27 of 2nd period - Snap shot by Pierre-Alexandre Parenteau.
15:27 of 2nd period - Stopped by Erik Ersberg without a rebound.
15:28 of 2nd period - Kelly Zajac wins face-off versus Markus Granlund in Carnivores zone.
15:35 of 2nd period - Slapshot by David Clarkson.
15:35 of 2nd period - Stopped by Erik Ersberg with a rebound.
15:37 of 2nd period - Snap shot by Kris Russell.
15:37 of 2nd period - Deflect By David Clarkson.
15:37 of 2nd period - Stopped by Erik Ersberg without a rebound.
15:38 of 2nd period - Markus Granlund wins face-off versus Kelly Zajac in Carnivores zone.
15:59 of 2nd period - Wrist shot by Jeremy Welsh.
15:59 of 2nd period - Stopped by Devan Dubnyk without a rebound.
16:00 of 2nd period - Daultan Leveillé wins face-off versus Anton Gustafsson in Thunder zone.
16:00 of 2nd period - Daultan Leveillé is hit by Blake Geoffrion.
16:03 of 2nd period - Minor Penalty to Pierre-Alexandre Parenteau for Hooking.
16:04 of 2nd period - Anton Gustafsson wins face-off versus Kelly Zajac in Thunder zone.
16:04 of 2nd period - Wrist shot by Brendan Gallagher.
16:04 of 2nd period - Stopped by Devan Dubnyk without a rebound.
16:05 of 2nd period - Anton Gustafsson wins face-off versus Kelly Zajac in Thunder zone.
16:08 of 2nd period - Wrist shot by Blake Geoffrion.
16:08 of 2nd period - Shot Misses the Net.
16:10 of 2nd period - Slapshot by Phil Oreskovic.
16:10 of 2nd period - Deflect By Kris Russell.
16:10 of 2nd period - Stopped by Devan Dubnyk without a rebound.
16:11 of 2nd period - Anton Gustafsson wins face-off versus Kelly Zajac in Thunder zone.
16:14 of 2nd period - Slapshot by Blake Geoffrion.
16:14 of 2nd period - Stopped by Devan Dubnyk with a rebound.
16:25 of 2nd period - Snap shot by Anton Gustafsson.
16:25 of 2nd period - Shot Hit the Post.
16:27 of 2nd period - Wrist shot by Blake Geoffrion.
16:27 of 2nd period - Shot Misses the Net.
17:09 of 2nd period - Frederic St-Denis is hit by David Wolf.
17:21 of 2nd period - Brett Festerling is hit by Brendan Gallagher and loses puck.
17:32 of 2nd period - Markus Granlund is hit by Joe Labate and loses puck.
18:03 of 2nd period - Penalty to Pierre-Alexandre Parenteau is over, Pierre-Alexandre Parenteau is back on ice.
18:15 of 2nd period - Casey Pierro-Zabotel is hit by Lane MacDermid and loses puck.
18:33 of 2nd period - Snap shot by Pierre-Alexandre Parenteau.
18:33 of 2nd period - Stopped by Erik Ersberg with a rebound.
18:47 of 2nd period - Icing by Josiah Didier.
18:48 of 2nd period - Tyler Graovac wins face-off versus Dalton Smith in Thunder zone.
19:08 of 2nd period - Evgeny Kuznetsov is hit by Colton Orr and loses puck.
19:23 of 2nd period - Evgeny Kuznetsov is hit by Colton Orr and loses puck.
19:35 of 2nd period - David Fischer is hit by Michael Schumacher and loses puck.
19:42 of 2nd period - Slapshot by Kris Russell.
19:42 of 2nd period - Shot Misses the Net.
19:44 of 2nd period - Wrist shot by David Wolf.
19:44 of 2nd period - Shot Blocked by Mattias Backman.
19:46 of 2nd period - Snap shot by David Wolf.
19:46 of 2nd period - Deflect By Frederic St-Denis.
19:46 of 2nd period - Shot Misses the Net.
19:46 of 2nd period - Puck is out of play.
19:47 of 2nd period - Anton Gustafsson wins face-off versus Daultan Leveillé in Carnivores zone.
Goals for this period are 0 for Thunder vs 2 for Carnivores.
Shots for this period are 12 for Thunder vs 19 for Carnivores.

3rd period


0:01 of 3rd period - Anton Gustafsson wins face-off versus Daultan Leveillé in neutral zone.
0:25 of 3rd period - Anton Gustafsson is hit by David Clarkson and loses puck.
0:53 of 3rd period - Phil Oreskovic is hit by Evgeny Kuznetsov and loses puck.
1:14 of 3rd period - Wrist shot by Pierre-Alexandre Parenteau.
1:14 of 3rd period - Stopped by Erik Ersberg with a rebound.
1:16 of 3rd period - Snap shot by Daultan Leveillé.
1:16 of 3rd period - Stopped by Erik Ersberg without a rebound.
1:17 of 3rd period - Daultan Leveillé wins face-off versus Tyler Graovac in Carnivores zone.
1:44 of 3rd period - Markus Granlund is hit by David Wolf and loses puck.
2:13 of 3rd period - Snap shot by David Clarkson.
2:13 of 3rd period - Stopped by Erik Ersberg without a rebound.
2:14 of 3rd period - Pierre-Alexandre Parenteau wins face-off versus Anton Gustafsson in Carnivores zone.
2:17 of 3rd period - Wrist shot by Dany Roussin.
2:17 of 3rd period - Shot Misses the Net.
3:09 of 3rd period - Wrist shot by Casey Pierro-Zabotel.
3:09 of 3rd period - Shot Misses the Net.
3:11 of 3rd period - Slapshot by Joey Ryan.
3:11 of 3rd period - Stopped by Erik Ersberg with a rebound.
4:32 of 3rd period - Slapshot by David Fischer.
4:32 of 3rd period - Goal by David Fischer - Thunder : 1 - Carnivores : 2.
4:33 of 3rd period - Dany Roussin wins face-off versus Anton Gustafsson in neutral zone.
4:38 of 3rd period - Wrist shot by Pierre-Alexandre Parenteau.
4:38 of 3rd period - Stopped by Erik Ersberg with a rebound.
4:45 of 3rd period - Minor Penalty to Blake Geoffrion for Hooking.
4:46 of 3rd period - Dany Roussin wins face-off versus Anton Gustafsson in Carnivores zone.
4:58 of 3rd period - Kris Russell is hit by Phil Oreskovic.
6:07 of 3rd period - Icing by Pierre-Alexandre Parenteau.
6:08 of 3rd period - Daultan Leveillé wins face-off versus Markus Granlund in Thunder zone.
6:26 of 3rd period - Wrist shot by Pierre-Alexandre Parenteau.
6:26 of 3rd period - Stopped by Erik Ersberg with a rebound.
6:28 of 3rd period - Slapshot by Brett Festerling.
6:28 of 3rd period - Shot Blocked by Sasha Pokulok.
6:30 of 3rd period - Slapshot by Daultan Leveillé.
6:30 of 3rd period - Shot Blocked by Anton Gustafsson.
6:32 of 3rd period - Snap shot by Dany Roussin.
6:32 of 3rd period - Deflect By Sasha Pokulok.
6:32 of 3rd period - Shot Misses the Net.
6:32 of 3rd period - Puck is out of play.
6:33 of 3rd period - Anton Gustafsson wins face-off versus Evgeny Kuznetsov in Carnivores zone.
6:45 of 3rd period - Penalty to Blake Geoffrion is over, Blake Geoffrion is back on ice.
7:18 of 3rd period - Wrist shot by Blake Geoffrion.
7:18 of 3rd period - Deflect By Anton Gustafsson.
7:18 of 3rd period - Shot Misses the Net.
7:18 of 3rd period - Puck is out of play.
7:19 of 3rd period - Markus Granlund wins face-off versus Daultan Leveillé in Thunder zone.
7:34 of 3rd period - Wrist shot by Dany Roussin.
7:34 of 3rd period - Shot Blocked by Chris Lawrence.
7:52 of 3rd period - Wrist shot by Colton Orr.
7:52 of 3rd period - Shot Blocked by Evgeny Kuznetsov.
7:54 of 3rd period - Slapshot by Nate Schmidt.
7:54 of 3rd period - Shot Misses the Net.
8:04 of 3rd period - Jay Beagle is hit by Chris Lawrence and loses puck.
8:26 of 3rd period - Slapshot by David Clarkson.
8:26 of 3rd period - Shot Misses the Net.
8:28 of 3rd period - Slapshot by Josiah Didier.
8:28 of 3rd period - Stopped by Erik Ersberg with a rebound.
8:58 of 3rd period - Snap shot by Robin Leblanc.
8:58 of 3rd period - Deflect By Joe Labate.
8:58 of 3rd period - Shot Misses the Net.
8:58 of 3rd period - Puck is out of play.
8:59 of 3rd period - Anton Gustafsson wins face-off versus Joe Labate in Carnivores zone.
8:59 of 3rd period - Anton Gustafsson is hit by Robin Leblanc.
9:29 of 3rd period - Wrist shot by Pierre-Alexandre Parenteau.
9:29 of 3rd period - Stopped by Erik Ersberg with a rebound.
9:31 of 3rd period - Wrist shot by Daultan Leveillé.
9:31 of 3rd period - Stopped by Erik Ersberg without a rebound.
9:32 of 3rd period - Daultan Leveillé wins face-off versus Tyler Graovac in Carnivores zone.
9:35 of 3rd period - Slapshot by Pierre-Alexandre Parenteau.
9:35 of 3rd period - Stopped by Erik Ersberg without a rebound.
9:36 of 3rd period - Daultan Leveillé wins face-off versus Jeremy Williams in Carnivores zone.
9:39 of 3rd period - Snap shot by Pierre-Alexandre Parenteau.
9:39 of 3rd period - Shot Misses the Net.
9:41 of 3rd period - Slapshot by Brett Festerling.
9:41 of 3rd period - Shot Blocked by Tyler Graovac.
10:01 of 3rd period - Slapshot by Jay Beagle.
10:01 of 3rd period - Shot Blocked by Mattias Backman.
10:25 of 3rd period - Dalton Smith is hit by Frederic St-Denis and loses puck.
10:34 of 3rd period - Snap shot by Blake Geoffrion.
10:34 of 3rd period - Stopped by Devan Dubnyk with a rebound.
10:36 of 3rd period - Slapshot by Blake Geoffrion.
10:36 of 3rd period - Shot Blocked by Joe Labate.
10:38 of 3rd period - Wrist shot by Brendan Gallagher.
10:38 of 3rd period - Stopped by Devan Dubnyk with a rebound.
10:40 of 3rd period - Wrist shot by Frederic St-Denis.
10:40 of 3rd period - Stopped by Devan Dubnyk with a rebound.
10:42 of 3rd period - Snap shot by Brendan Gallagher.
10:42 of 3rd period - Shot Misses the Net.
10:44 of 3rd period - Slapshot by Frederic St-Denis.
10:44 of 3rd period - Deflect By Anton Gustafsson.
10:44 of 3rd period - Stopped by Devan Dubnyk with a rebound.
10:46 of 3rd period - Snap shot by Anton Gustafsson.
10:46 of 3rd period - Deflect By David Fischer.
10:46 of 3rd period - Shot Blocked by David Fischer.
10:46 of 3rd period - Puck is out of play.
10:47 of 3rd period - Jeremy Welsh wins face-off versus Daultan Leveillé in Thunder zone.
10:48 of 3rd period - Wrist shot by Chris Lawrence.
10:48 of 3rd period - Stopped by Devan Dubnyk with a rebound.
11:33 of 3rd period - Wrist shot by David Clarkson.
11:33 of 3rd period - Shot Blocked by Sasha Pokulok.
11:39 of 3rd period - Snap shot by Kelly Zajac.
11:39 of 3rd period - Shot Blocked by Mat Clark.
11:57 of 3rd period - Daultan Leveillé is hit by Jeremy Welsh and loses puck.
12:44 of 3rd period - Anton Gustafsson is hit by Jay Beagle.
12:56 of 3rd period - Phil Oreskovic is hit by Joey Ryan and loses puck.
13:35 of 3rd period - Evgeny Kuznetsov is hit by Lane MacDermid.
13:47 of 3rd period - David Wolf is hit by Tyler Graovac and loses puck.
14:06 of 3rd period - Snap shot by Kris Russell.
14:06 of 3rd period - Stopped by Erik Ersberg without a rebound.
14:07 of 3rd period - Daultan Leveillé wins face-off versus Markus Granlund in Carnivores zone.
14:44 of 3rd period - Slapshot by Evgeny Kuznetsov.
14:44 of 3rd period - Shot Misses the Net.
15:06 of 3rd period - Slapshot by Sasha Pokulok.
15:06 of 3rd period - Stopped by Devan Dubnyk with a rebound.
15:08 of 3rd period - Backhand shot by Sasha Pokulok.
15:08 of 3rd period - Stopped by Devan Dubnyk with a rebound.
15:18 of 3rd period - Phil Oreskovic is hit by Peter Andersson and loses puck.
15:37 of 3rd period - Mattias Backman is hit by Jay Beagle and loses puck.
15:42 of 3rd period - Snap shot by Jay Beagle.
15:42 of 3rd period - Stopped by Erik Ersberg with a rebound.
15:56 of 3rd period - Frederic St-Denis is hit by Dalton Smith and loses puck.
16:01 of 3rd period - Slapshot by Robin Leblanc.
16:01 of 3rd period - Shot Misses the Net.
16:23 of 3rd period - Minor Penalty to Frederic St-Denis for Interference.
16:24 of 3rd period - Dany Roussin wins face-off versus Anton Gustafsson in Carnivores zone.
16:29 of 3rd period - Slapshot by Pierre-Alexandre Parenteau.
16:29 of 3rd period - Stopped by Erik Ersberg with a rebound.
16:31 of 3rd period - Snap shot by Daultan Leveillé.
16:31 of 3rd period - Stopped by Erik Ersberg with a rebound.
16:33 of 3rd period - Wrist shot by Daultan Leveillé.
16:33 of 3rd period - Shot Misses the Net.
16:35 of 3rd period - Slapshot by David Fischer.
16:35 of 3rd period - Goal by David Fischer - Thunder : 2 - Carnivores : 2.
16:36 of 3rd period - Pierre-Alexandre Parenteau wins face-off versus Tyler Graovac in neutral zone.
16:45 of 3rd period - David Fischer is hit by Lane MacDermid and loses puck.
17:54 of 3rd period - Brett Festerling is hit by Colton Orr.
18:20 of 3rd period - Tyler Graovac is hit by Pierre-Alexandre Parenteau and loses puck.
18:33 of 3rd period - Lane MacDermid is hit by Josiah Didier and loses puck.
18:54 of 3rd period - Casey Pierro-Zabotel is hit by Sasha Pokulok and loses puck.
19:01 of 3rd period - Snap shot by Blake Geoffrion.
19:01 of 3rd period - Stopped by Devan Dubnyk with a rebound.
19:39 of 3rd period - Frederic St-Denis is hit by Robin Leblanc and loses puck.
Goals for this period are 2 for Thunder vs 0 for Carnivores.
Shots for this period are 16 for Thunder vs 8 for Carnivores.

Overtime #1


0:01 of 1st overtime period - Anton Gustafsson wins face-off versus Pierre-Alexandre Parenteau in neutral zone.
0:16 of 1st overtime period - Slapshot by Anton Gustafsson.
0:16 of 1st overtime period - Stopped by Devan Dubnyk without a rebound.
0:17 of 1st overtime period - Pierre-Alexandre Parenteau wins face-off versus Anton Gustafsson in Thunder zone.
1:20 of 1st overtime period - Icing by Anton Gustafsson.
1:21 of 1st overtime period - Mark McNeill wins face-off versus Jay Beagle in Carnivores zone.
1:26 of 1st overtime period - Snap shot by Lane MacDermid.
1:26 of 1st overtime period - Shot Misses the Net.
2:20 of 1st overtime period - Robin Leblanc is hit by Jeremy Williams and loses puck.
2:53 of 1st overtime period - Anton Gustafsson is hit by Brett Festerling and loses puck.
3:02 of 1st overtime period - Snap shot by David Clarkson.
3:02 of 1st overtime period - Shot Misses the Net.
3:04 of 1st overtime period - Snap shot by David Clarkson.
3:04 of 1st overtime period - Stopped by Erik Ersberg without a rebound.
3:05 of 1st overtime period - Pierre-Alexandre Parenteau wins face-off versus Jeremy Williams in Carnivores zone.
4:15 of 1st overtime period - Jared Staal is hit by Frederic St-Denis.
4:50 of 1st overtime period - Phil Oreskovic is hit by Kris Russell and loses puck.
Goals for this period are 0 for Thunder vs 0 for Carnivores.
Shots for this period are 1 for Thunder vs 1 for Carnivores.

ShootOut


5:00 of 1st overtime period - Penalty Shot by Pierre-Alexandre Parenteau for Thunder.
5:00 of 1st overtime period - Backhand shot by Pierre-Alexandre Parenteau.
5:00 of 1st overtime period - Stopped by Erik Ersberg.
5:00 of 1st overtime period - Penalty Shot by Jeremy Williams for Carnivores.
5:00 of 1st overtime period - Wrist shot by Jeremy Williams.
5:00 of 1st overtime period - Stopped by Devan Dubnyk.
5:00 of 1st overtime period - Penalty Shot by Dany Roussin for Thunder.
5:00 of 1st overtime period - Wrist shot by Dany Roussin.
5:00 of 1st overtime period - Goal by Dany Roussin.
5:00 of 1st overtime period - Penalty Shot by Blake Geoffrion for Carnivores.
5:00 of 1st overtime period - Backhand shot by Blake Geoffrion.
5:00 of 1st overtime period - Shot Misses the Net.
5:00 of 1st overtime period - Penalty Shot by Jay Beagle for Thunder.
5:00 of 1st overtime period - Backhand shot by Jay Beagle.
5:00 of 1st overtime period - Stopped by Erik Ersberg.
5:00 of 1st overtime period - Penalty Shot by Chris Lawrence for Carnivores.
5:00 of 1st overtime period - Deke by Chris Lawrence.
5:00 of 1st overtime period - Goal by Chris Lawrence.
5:00 of 1st overtime period - Penalty Shot by David Clarkson for Thunder.
5:00 of 1st overtime period - Wrist shot by David Clarkson.
5:00 of 1st overtime period - Stopped by Erik Ersberg.
5:00 of 1st overtime period - Penalty Shot by Colton Orr for Carnivores.
5:00 of 1st overtime period - Wrist shot by Colton Orr.
5:00 of 1st overtime period - Shot Misses the Net.
5:00 of 1st overtime period - Penalty Shot by Robin Leblanc for Thunder.
5:00 of 1st overtime period - Backhand shot by Robin Leblanc.
5:00 of 1st overtime period - Stopped by Erik Ersberg.
5:00 of 1st overtime period - Penalty Shot by Anton Gustafsson for Carnivores.
5:00 of 1st overtime period - Wrist shot by Anton Gustafsson.
5:00 of 1st overtime period - Goal by Anton Gustafsson.